 Dungeon Crawl Stone Soup version 0.30-a0-630-g881e3bac89 (webtiles) character file.

Game seed: 5093373821708776471

4771 Bnni the Slicer (level 10, 0/53 HPs)
             Began as a Vine Stalker Brigand on Jan 13, 2023.
             Was a Believer of Uskayaw.
             Slain by Erica
             ... wielding a +3 scimitar of flaming
              (4 damage)
             ... on level 8 of the Dungeon.
             The game lasted 00:13:02 (6989 turns).

Bnni the Slicer (Vine Stalker Brigand)              Turns: 6989, Time: 00:13:03

Health: 0/53       AC: 11    Str: 13    XL:     10   Next: 47%
Magic:  0/15       EV: 10    Int: 11    God:    Uskayaw [**....]
Gold:   478        SH:  6    Dex: 21    Spells: 9/9 levels left

rFire   . . .      SeeInvis .    b - +4 dagger
rCold   . . .      Faith    .    q - +0 buckler
rNeg    + . .      Spirit   +    y - +2 acid dragon scales
rPois   .          Reflect  .    (no helmet)
rElec   .          Harm     .    g - +0 cloak
rCorr   +          Rampage  .    n - +0 pair of gloves
Will    +....                    v - +0 pair of boots
Stlth   +++                      (no amulet)
HPRegen 1.08/turn                o - ring of positive energy
MPRegen 0.14/turn                D - ring of flight

@: flying
A: fangs 3, regeneration 1, magic shield, antimagic bite, no potion heal 2
a: Renounce Religion, Stomp, Line Pass


You were on level 8 of the Dungeon.
You worshipped Uskayaw.
Uskayaw was noncommittal.
You visited 2 branches of the dungeon, and saw 9 of its levels.

You collected 478 gold pieces.

Inventory:

Hand Weapons
 b - a +4 dagger (weapon)
 B - a +2 dagger of venom
Missiles
 a - a throwing net
 d - 32 poisoned darts (quivered)
 j - 5 datura-tipped darts
Armour
 g - a +0 cloak (worn)
 n - a +0 pair of gloves (worn)
 q - a +0 buckler (worn)
 v - a +0 pair of boots (worn)
 y - +2 acid dragon scales (worn)
Jewellery
 o - a ring of positive energy (left hand)
 D - a ring of flight (right hand)
Wands
 h - a wand of polymorph (5)
 i - a wand of flame (27)
 l - a wand of charming (9)
 x - a wand of digging (5)
Scrolls
 e - a scroll of teleportation
 m - 4 scrolls of immolation
 w - a scroll of enchant weapon
Potions
 c - 8 potions of curing
 f - 2 potions of brilliance
 p - a potion of mutation
 r - a potion of berserk rage {unknown}
 t - 3 potions of attraction {unknown}
 u - 2 potions of haste {unknown}
 A - a potion of lignification
 C - a potion of flight


   Skills:
 + Level 6.9 Fighting
 * Level 9.8 Short Blades
 - Level 1.7 Throwing
 - Level 0.7 Dodging
 - Level 4.8 Stealth
 - Level 4.0 Shields
 + Level 6.4 Invocations


You had 9 spell levels left.
You didn't know any spells.
Your spell library contained the following spells:

 Spells                   Type           Power      Damage    Failure   Level
 Sting                    Tmut/Pois      0%         1d3       56%         1
 Cigotuvi's Dreadful Rot  Necr/Pois/Air  0%         N/A       71%         2
 Poisonous Vapours        Pois/Air       0%         N/A       71%         2
 Mephitic Cloud           Conj/Pois/Air  0%         N/A       90%         3
 Olgreb's Toxic Radiance  Pois           0%         N/A       100%        4


Dungeon Overview and Level Annotations

Branches:
Dungeon (8/15)             Temple (1/1) D:4
   Lair: D:8-11

Altars:
Ashenzari
Cheibriados
Dithmenos
Elyvilon
Gozag
Makhleb
Nemelex Xobeh
Qazlal
Ru
Sif Muna
Trog
Uskayaw
Vehumet
Xom
Zin

Shops:
D:8 *

Annotations:
D:8 2 transporters, Erica; M4edhros's ghost, novice OpAr


Innate Abilities, Weirdness & Mutations

You have razor-sharp teeth.
Your natural rate of healing is unusually fast.
When hurt, damage is shared between your health and your magic reserves.
Your bite disrupts and absorbs the magic of your enemies.
Potions cannot restore your health.


Message History

The curare-tipped dart barely misses Erica.
The orc hits you but does no damage.
You hit the orc.
The orc is severely wounded.
The orc barely misses you.
Erica hits you with a +3 scimitar of flaming.
Erica burns you.
You hit the orc.
You kill the orc!
You hit Erica. You bite Erica!
Erica's magic leaks into the air.
You drain her magic.
You feel invigorated.
Erica is lightly wounded.
Erica's magic is no longer disrupted.
Erica mumbles some strange words.
Erica flickers and vanishes!
Deactivating autopickup; reactivate with Ctrl-A.
You closely miss something. Your bite misses something.
Something hits you but does no damage.
You closely miss something. Your bite misses something.
You hit something but do no damage. Something hits you! Something burns you.
You hit something. Your bite misses something.
You can now pass through a line of other dancers.
You barely miss something. Your bite misses something. Something hits you.
Something burns you.
You miss something. Your bite misses something. You miss something.
Something hits you! Something burns you.
You hit something. Your bite misses something. You hit something.
Your bite misses something. Something hits you. Something burns you.
You miss something. Your bite misses something. You hit something.
Your bite misses something. Something hits you!
* * * LOW HITPOINT WARNING * * *
Something burns you!
* * * LOW HITPOINT WARNING * * *
Okay, then.
Okay, then.
Okay, then.
You see here a manual of Stealth.
Something appears at your feet! Something hits you.
You die...

#.# #.# ### #.# #.#
..# #.# #.#
#.###.## #.#
#.##...###..
#.#.....#### #
#.#.........# .
.##.###.#.....###.#
# ......)@......# .
##!####{#####[#
##### #.# ... #....
#.# ##.# ##.#.# #.#
.# #..... .(# #
#..#># .## .......
. #..#### #.


There were no monsters in sight!

Vanquished Creatures
  A deep elf pyromancer (D:7)
  Maggie (D:6)
  Grinder (D:4)
  2 hornets (D:7)
  Eustachio (D:6)
  A wyvern (D:7)
  2 steam dragons (D:7)
  Menkaure (D:6)
  A water moccasin (D:7)
  Duvessa (D:5)
  3 orc warriors (D:7)
  2 ice beasts
  2 sky beasts (D:7)
  2 black bears
  An ogre (D:3)
  3 phantoms
  Blork the orc (D:5)
  3 kobold brigands (D:7)
  A bullfrog (D:7)
  A scorpion (D:7)
  2 wights (D:7)
  Dowan (D:5)
  A howler monkey (D:6)
  2 jellies
  4 hounds
  4 orc priests
  Crazy Yiuf (D:4)
  Natasha (D:3)
  7 iguanas
  2 orc wizards (D:7)
  9 adders
  6 shadow imps
  2 ufetubi (D:7)
  A worm (D:3)
  3 dart slugs
  24 orcs
  3 bats (D:2)
  6 endoplasms
  A giant cockroach (D:1)
  19 goblins
  3 hobgoblins
  3 quokkas
  4 ball pythons
  A frilled lizard (D:1)
  17 kobolds
  6 rats
164 creatures vanquished.

Vanquished Creatures (others)
  6 plants (D:8)
6 creatures vanquished.

Grand Total: 170 creatures vanquished

Notes
Turn   | Place    | Note
-------+----------+-------------------------------------------
     0 | D:1      | Bnni the Vine Stalker Brigand began the quest for the Orb.
     0 | D:1      | Reached XP level 1. HP: 11/11 MP: 2/2
    93 | D:1      | Reached skill level 2 in Short Blades
   196 | D:1      | Reached XP level 2. HP: 15/15 MP: 3/3
   439 | D:1      | Found a faded altar of an unknown god.
   510 | D:1      | Reached XP level 3. HP: 16/18 MP: 4/4
   805 | D:2      | Reached skill level 3 in Short Blades
  1097 | D:2      | Gained mutation: Your natural rate of healing is unusually
                  | fast. [Vine Stalker growth]
  1097 | D:2      | Reached XP level 4. HP: 20/23 MP: 5/5
  1605 | D:3      | Found a sparkling altar of Nemelex Xobeh.
  1732 | D:3      | Noticed an ogre
  1799 | D:3      | Killed an ogre
  1800 | D:3      | Reached skill level 4 in Short Blades
  1800 | D:3      | Reached XP level 5. HP: 28/28 MP: 6/6
  2322 | D:3      | Noticed Natasha
  2330 | D:3      | Killed Natasha
  2490 | D:4      | Reached XP level 6. HP: 21/32 MP: 4/7
  2522 | D:4      | Found a staircase to the Ecumenical Temple.
  2593 | Temple   | Entered the Ecumenical Temple
  2644 | Temple   | Became a worshipper of Uskayaw the Reveller
  2692 | D:4      | Reached * piety under Uskayaw
  2693 | D:4      | Noticed Grinder
  2708 | D:4      | Reached ** piety under Uskayaw
  2726 | D:4      | Killed Grinder
  2727 | D:4      | Reached skill level 5 in Short Blades
  2727 | D:4      | Reached skill level 1 in Invocations
  2727 | D:4      | Reached XP level 7. HP: 10/37 MP: 4/9
  3081 | D:4      | Found a runed translucent door.
  3082 | D:4      | Noticed Crazy Yiuf
  3293 | D:4      | Identified the +3 leather armour of Pyis {Fly rCorr}
  3294 | D:4      | Found a burning altar of Makhleb.
  3529 | D:4      | Killed Crazy Yiuf
  3621 | D:4      | Identified a scroll of acquirement
  3627 | D:5      | Entered Level 5 of the Dungeon
  3722 | D:5      | Reached skill level 6 in Short Blades
  3771 | D:5      | Noticed Duvessa
  3771 | D:5      | Noticed Dowan
  3788 | D:5      | Killed Dowan
  3788 | D:5      | Reached *** piety under Uskayaw
  3789 | D:5      | Killed Duvessa
  3790 | D:5      | Gained mutation: You have razor-sharp teeth. [Vine Stalker
                  | growth]
  3790 | D:5      | Reached XP level 8. HP: 32/42 MP: 9/11
  3815 | D:5      | Noticed Blork the orc
  3829 | D:5      | Killed Blork the orc
  4781 | D:6      | Noticed Eustachio
  4795 | D:6      | Reached skill level 7 in Short Blades
  4813 | D:6      | Killed Eustachio
  4814 | D:6      | Reached skill level 5 in Fighting
  4899 | D:6      | Noticed Maggie
  5164 | D:6      | Noticed Menkaure
  5298 | D:6      | Reached **** piety under Uskayaw
  5427 | D:6      | Killed Menkaure
  5428 | D:6      | Reached skill level 1 in Shields
  5428 | D:6      | Reached XP level 9. HP: 47/47 MP: 13/13
  5438 | D:6      | Killed Maggie
  5439 | D:6      | Reached skill level 8 in Short Blades
  5834 | D:7      | Reached skill level 5 in Invocations
  5903 | D:7      | Noticed a hornet
  5912 | D:7      | Killed a hornet
  6087 | D:7      | Noticed a hornet
  6098 | D:7      | Killed a hornet
  6099 | D:7      | Reached skill level 9 in Short Blades
  6157 | D:7      | Reached XP level 10. HP: 49/53 MP: 12/15
  6186 | D:7      | Reached ***** piety under Uskayaw
  6190 | D:7      | Noticed a deep elf pyromancer
  6199 | D:7      | Reached ****** piety under Uskayaw
  6204 | D:7      | Killed a deep elf pyromancer
  6318 | D:7      | Found a radiant altar of Vehumet.
  6685 | D:8      | Identified the +7 trident "Uggeahur" {venom, rF++}
  6717 | D:8      | Found a transporter.
  6720 | D:8      | Found a transporter.
  6722 | D:8      | Noticed M4edhros's ghost (novice OpAr)
  6785 | D:8      | Found Saerimp's General Store.
  6969 | D:8      | Noticed Erica
  6989 | D:8      | Acquired a manual of Stealth
  6989 | D:8      | Slain by Erica

Illustrated notes

Levels and vault maps discovered:
D:1:      giann_bridges, layout_basic, hellmonk_ecumenical_altar_blasted,
          hangedman_decor_peaks_small
D:2:      layout_loops_corners, minmay_tetromino_t4
D:3:      layout_loops_cross, nemelex_xobeh_ov_fountains_minmay,
          minmay_ogre_servants, uniq_natasha
D:4:      layout_basic, mainiacjoe_overflow_brackets, minmay_temple_entry_mist,
          uniq_grinder, uniq_crazy_yiuf_cottage
D:5:      layout_basic, uniq_blork_the_orc, uniq_duvessa
D:6:      layout_basic, uniq_maggie, uniq_menkaure, uniq_eustachio
D:7:      layout_basic, nicolae_vehumet_radiance, nzn_random_ring
D:8:      lemuel_slime, layout_loops_ring, serial_shops, shop,
          gammafunk_ghost_gnarly_gnolls, uniq_erica, uniq_joseph
Temple:   nicolae_temple_bog_church

Skill      XL: |  1  2  3  4  5  6  7  8  9 10 |
---------------+-------------------------------+-----
Short Blades   | 2 3 4 5 6 7 9 |  9.8
Fighting       | 2 3 4 5 6 |  6.9
Invocations    | 1 2 4 5 6 |  6.4
Shields        | 1 3 4 |  4.0
Throwing       | |  1.7
Dodging        | |  0.7
Stealth        | |  4.8

Action                   |  1- 3 |  4- 6 |  7- 9 | 10-12 || total
-------------------------+-------+-------+-------+-------++-------
Melee: Dagger            |    93 |    96 |   294 |   109 ||   592
       Bite              |    22 |    27 |   110 |    42 ||   201
       Punch             |       |     1 |     3 |       ||     4
       Unarmed           |       |       |     5 |       ||     5
Throw: Dart              |       |     8 |    17 |     3 ||    28
Invok: Line Pass         |       |     3 |       |       ||     3
       Grand Finale      |       |       |       |     1 ||     1
Evoke: Wand              |       |       |     1 |       ||     1
  Use: Scroll            |       |       |    10 |     4 ||    14
       Potion            |       |       |     1 |       ||     1
 Stab: Sleeping          |     4 |     5 |     8 |     5 ||    22
       Paralysed         |       |       |    13 |     4 ||    17
Armor: Robe              |     6 |       |       |       ||     6
       Ring mail         |    39 |    31 |    14 |       ||    84
       Leather armour    |       |       |    42 |       ||    42
       Acid dragon scale |       |       |    28 |    22 ||    50
Dodge: Dodged            |    52 |    28 |   136 |    21 ||   237
Block: Buckler           |       |       |    18 |    11 ||    29

Table legend: (Time is in decaauts)
 A = Elapsed time spent in this place.
 B = Non-inter-level travel time spent in this place.
 C = Inter-level travel time spent in this place.
 D = Time resting spent in this place.
 E = Time spent auto-exploring this place.
 F = Levels seen in this place.
 G = Mean time per level.
                   A        B        C        D        E       F      G
               +--------+--------+--------+--------+--------+-----+--------+
         Total |   6805 |   6424 |    381 |    107 |   4989 |   9 |  756.1 |
       Dungeon |   6730 |   6381 |    349 |    107 |   4958 |   8 |  841.2 |
        Temple |     75 |     43 |     32 |      0 |     30 |   1 |   75.0 |
               +--------+--------+--------+--------+--------+-----+--------+

Top non-repeatable levels by time:
     D:4: 1064 daAuts
     D:5: 1007 daAuts
     D:6: 983 daAuts
     D:2: 952 daAuts
     D:7: 870 daAuts
     D:3: 859 daAuts
     D:1: 638 daAuts
     D:8: 355 daAuts
  Temple: 75 daAuts
